 Dungeon Crawl Stone Soup version 0.32-a0-558-g233958a4c4 (webtiles) character file.

Game seed: 2132931149524600457

26 senseless the Trooper (level 3, -7/27 (29) HPs)
             Began as a Coglin Fighter on Mar 1, 2024.
             Was a Believer of Jiyva.
             Mangled by Crazy Yiuf
             ... wielding a +3 quarterstaff of chaos
              (11 damage)
             ... on level 2 of the Dungeon.
             The game lasted 00:02:19 (1293 turns).

senseless the Trooper (Coglin Fighter)              Turns: 1293, Time: 00:02:20

HP:   -7/27 (29)    AC:  7    Str: 18    XL:     3   Next: 8%
MP:   3/3           EV:  9    Int:  7    God:    Jiyva [**....]
Gold: 27            SH:  0    Dex: 13    Spells: 2/2 levels left

rFire   . . .        a - +0 war axe {Kenji}
rCold   . . .        g - +0 hand axe {Sunngifu}
rNeg    . . .        b - +0 scale mail
rPois   .            (no helmet)
rElec   .            f - +0 cloak
rCorr   +            (no gloves)
SInv    .            (no boots)
Will    .....        (amulet unavailable) Stlth
                     (ring unavailable)
HPRegen 1.20/turn    (ring unavailable)
MPRegen 0.56/turn    (no gizmo)

%: no passive effects
@: mighty, drained, revving
A: off-hand wielding, slow wielding, warmup strikes, no jewelry
a: Invent Gizmo, Renounce Religion


You were on level 2 of the Dungeon.
You worshipped Jiyva.
Jiyva was pleased with you.
You visited 1 branch of the dungeon, and saw 2 of its levels.

You collected 27 gold pieces.

Inventory:

Hand Weapons
 a - a +0 war axe (weapon) {Kenji}
 g - a +0 hand axe (offhand) {Sunngifu}
Missiles
 e - 6 datura-tipped darts (quivered)
 i - 4 poisoned darts
Armour
 b - a +0 scale mail (worn)
 f - a +0 cloak (worn)
Scrolls
 c - a scroll of poison {unknown}
 h - a scroll of noise
 k - a scroll of identify
 l - a scroll of vulnerability {unknown}
Potions
 j - a potion of magic {unknown}


   Skills:
 + Level 3.4 Fighting
 + Level 2.5 Axes
 + Level 3.1 Armour
 - Level 2.1 Shields


You had 2 spell levels left.
You didn't know any spells.
Your spell library was empty.

Dungeon Overview and Level Annotations

Branches:
Dungeon (2/15)

Altars:
Jiyva

Annotations:
D:2 Crazy Yiuf


Innate Abilities, Weirdness & Mutations

You can wield a second weapon in your off-hand.
It takes a long time for you to wield or remove held weapons.
Your first few attacks do less damage.
You cannot equip rings or amulets.


Message History

No target in view!
There is a stone staircase leading down here.
j - a fuming green potion
k - a scroll of identify
Okay, then.
Okay, then.
You hear a distant slurping noise.
l - a scroll labelled DAMNAPTUBUKK You hear a distant slurping noise.
You hear a distant slurping noise.
You swap places.
You hear a distant slurping noise.
You hear a distant slurping noise.
You hear a distant slurping noise.
You hear a distant slurping noise.
Found a stone staircase leading down.
There is a stone staircase leading down here.
You swap places.
You swap places.
There is a stone staircase leading down here.
Jiyva says: Divide and consume!
Crazy Yiuf shouts!
You open the door.
You hit Crazy Yiuf but do no damage. x2; Crazy Yiuf closely misses you.
Crazy Yiuf barely misses you.
You hit Crazy Yiuf with your +0 war axe.
Crazy Yiuf is lightly wounded.
You hit Crazy Yiuf but do no damage.
Crazy Yiuf hits you with a +3 quarterstaff of chaos.
You fall asleep.
Crazy Yiuf hits you with a +3 quarterstaff of chaos!!
You wake up.
Ouch! That really hurt!
* * * LOW HITPOINT WARNING * * *
You feel drained.
* * * LOW HITPOINT WARNING * * *
You feel very mighty all of a sudden.
Crazy Yiuf hits you with a +3 quarterstaff of chaos!
You die...
Jiyva sends a jelly to digest your remains.

#....#.#
#.<.....#..#.#..#...#
#.####.#
#...................#
#.####.#
#..#.##.#..#.........
#......#
############.#...#...
####.### #........#
#.# #.#.#.##.#
#.###### ###
#......#.# #....#.##
###..)# #......#.#
##......####@g...#
#......#.#
##...PP.#..##..รท#
#......#..
##.#P.#.### ###
#......### ########
#......# #......###
###########... #....#
#.## ####.######.##
#..........


You could see Crazy Yiuf.

Vanquished Creatures
  4 ball pythons
  An endoplasm (D:1)
  3 giant cockroaches
  3 goblins
  A hobgoblin (D:1)
  2 kobolds (D:2)
  5 bats
  A frilled lizard (D:2)
  3 rats
23 creatures vanquished.

Vanquished Creatures (others)
  An adder (D:2)
  A bat (D:2)
  A hobgoblin (D:2)
  4 jackals (D:1)
  2 frilled lizards
  A goblin (D:1)
  A kobold (D:1)
11 creatures vanquished.

Grand Total: 34 creatures vanquished

Notes
Turn   | Place    | Note
-------+----------+-------------------------------------------
     0 | D:1      | senseless the Coglin Fighter began the quest for the Orb.
     0 | D:1      | Reached XP level 1. HP: 18/18 MP: 1/1
   145 | D:1      | Found a faded altar of an unknown god.
   154 | D:1      | Prayed at the altar of an unknown god.
   154 | D:1      | Became a worshipper of Jiyva Jiymoa the Shapeless
   154 | D:1      | Reached * piety under Jiyva
   320 | D:1      | Reached XP level 2. HP: 24/24 MP: 2/2
   593 | D:1      | Reached ** piety under Jiyva
   857 | D:2      | Found a runed translucent door.
   858 | D:2      | Noticed Crazy Yiuf
   904 | D:2      | Reached XP level 3. HP: 27/29 MP: 3/3
  1293 | D:2      | Mangled by Crazy Yiuf

Illustrated notes

Levels and vault maps discovered:
D:1:      matt_arrival_spirals, layout_basic,
          ebering_ecumenical_altar_sacrificial
D:2:      layout_loops_cross, grunt_ministairs_14, minmay_tetromino_o2,
          uniq_crazy_yiuf_cottage

Skill      XL: |  1  2 |
---------------+-------+-----
Armour         | 3 |  3.1
Fighting       | |  3.4
Axes           | |  2.5
Shields        | |  2.1

Action                     || total
---------------------------++-------
  Melee: War axe           ||    36
         Hand axe          ||    30
    Use: Scroll            ||     1
         Potion            ||     1
 Armour: Scale mail        ||    32
  Dodge: Dodged            ||    19

Table legend: (Time is in decaauts)
 A = Elapsed time spent in this place.
 B = Non-inter-level travel time spent in this place.
 C = Inter-level travel time spent in this place.
 D = Time resting spent in this place.
 E = Time spent auto-exploring this place.
 F = Levels seen in this place.
 G = Mean time per level.
                   A        B        C        D        E       F      G
               +--------+--------+--------+--------+--------+-----+--------+
         Total |   1304 |   1289 |     15 |      0 |   1121 |   2 |  652.0 |
       Dungeon |   1304 |   1289 |     15 |      0 |   1121 |   2 |  652.0 |
               +--------+--------+--------+--------+--------+-----+--------+

Top non-repeatable levels by time:
     D:2: 659 daAuts
     D:1: 645 daAuts
